 Dungeon Crawl Stone Soup version 0.29-a0-275-g389c0b56f3 (webtiles) character file.

Game seed: 8685264227949676646

72 spaghetti the Insei (level 4, 0/31 HPs)
             Began as an Octopode Chaos Knight on Mar 11, 2022.
             Was a Plaything of Xom.
             Succumbed to a scorpion's poison
             ... on level 3 of the Dungeon.
             The game lasted 00:05:03 (2568 turns).

spaghetti the Insei (Octopode Chaos Knight)         Turns: 2568, Time: 00:05:04

Health: 0/31       AC:  1    Str: 11    XL:     4   Next: 25%
Magic:  4/4        EV: 13    Int: 14    God:    Xom [.....*]
Gold:   154        SH:  0    Dex: 13    Spells: 3/3 levels left

rFire   . . .      SeeInvis +     - Unarmed
rCold   . . .      Faith    .   (no shield)
rNeg    . . .      Spirit   .   (helmet restricted)
rPois   .          Reflect  .   (no amulet)
rElec   .          Harm     .   e - ring of see invisible
rCorr   .          Rampage  .   (no ring)
Will    .....                   (no ring)
Stlth   +.........              (no ring)
HPRegen 0.10/turn               (no ring)
MPRegen 0.09/turn               (no ring)
                                (no ring)
                                (no ring)

@: lethally poisoned (0 -> -1), silenced
A: almost no armour, amphibious, 8 rings, camouflage 1, gelatinous body 1,
(nimble swimmer 1), tentacles, antennae 1, see invisible
a: Renounce Religion


You were on level 3 of the Dungeon.
You worshipped Xom.
You were Xom's teddy bear.
You visited 1 branch of the dungeon, and saw 3 of its levels.

You collected 154 gold pieces.


Innate Abilities, Weirdness & Mutations

You cannot wear most types of armour.
You are amphibious.
You can wear up to eight rings at the same time.
Your skin changes colour to match your surroundings (Stealth+).
Your rubbery body absorbs attacks. (AC +1, EV +1)
((You are camouflaged when in or above water. (Stealth+)))
You have tentacles for arms and can constrict up to eight enemies at once.
You have a pair of small antennae on your head.
You have supernaturally acute eyesight. (SInv)


   Skills:
 + Level 3.0 Fighting
 - Level 2.3 Dodging
 - Level 5.0 Unarmed Combat


You had 3 spell levels left.
You didn't know any spells.
Your spell library was empty.

Inventory:

Missiles
 f - a throwing net {=f!fthrowing}
 h - 42 stones {throwing}
 j - 4 poisoned darts {throwing}
Jewellery
 e - a ring of see invisible (left tentacle)
   (You found it on level 1 of the Dungeon)
Scrolls
 d - 2 scrolls of identify {unknown}
Potions
 b - 2 potions of magic
Miscellaneous
 a - a piece from Xom's chessboard (inert) (quivered)

Dungeon Overview and Level Annotations

Branches:
Dungeon (3/15)

Altars:

#........... #<#
#.........### #.#
#............ #.#
#..§§§....# #.#
#..$§.....# #.#
#...§..s..#########
#.#.#
#.................#
#.#.#
########.#........#
#.#.# #@#........# #.#.#
#.#........# #.#.#
#######.#........# #.#.#
........#........###.#..
........................
#########........###....
#........# #####
#........#
...............


You could see a scorpion.


Message History

You constrict the scorpion, but do no damage.
The scorpion closely misses you.
You tentacle-slap the scorpion but do no damage.
You constrict the scorpion, but do no damage.
The scorpion stings you. The scorpion stings you!
You are poisoned.
The scorpion poisons you! 😮 HP[-13]
You take 13 damage, and now have 18/31 hp.
MASSIVE DAMAGE!! (PAUSE) It was a potion of mutation.
You feel extremely strange. A pair of antennae grows on your head!
Your vision sharpens.
Xom thinks this is hilarious!
You constrict the scorpion.
You feel very sick. The scorpion stings you.
* * * LOW HITPOINT WARNING * * *
😨 HP[-8]
You take 8 damage, and now have 10/31 hp.
MASSIVE DAMAGE!! (PAUSE) It was a potion of magic.
Magic courses through your body.
Xom roars with laughter!
You constrict the scorpion.
You feel sick. "Heh heh heh..."
The scorpion looks rather confused.
The scorpion misses you. 😨 HP[-1]
You take 1 damage, and now have 9/31 hp.
It was a potion of curing.
You feel better.
You constrict the scorpion, but do no damage.
The scorpion stings you.
* * * LOW HITPOINT WARNING * * *
You are lethally poisoned!
The scorpion poisons you! 😨 HP[+5]
You regained 5 hp, and now have 14/31 hp.
As you read the scroll labelled BATUINTIMO, it crumbles to dust.
A profound silence engulfs you.
It was a scroll of silence.
You constrict the scorpion.
* * * LOW HITPOINT WARNING * * *
You emit a cloud of colourful smoke!
You feel very sick. 😨 HP[-3]
You take 3 damage, and now have 11/31 hp.
Magic scrolls do not work when you're silenced!
You are lethally poisoned (11 -> 0).
You radiate silence.
You have 7 tentacles available for constriction.
You are constricting a scorpion.
Your movement speed is average.
Your attack delay is about 0.9.
Unknown command.
Magic scrolls do not work when you're silenced!
You tentacle-slap the scorpion but do no damage.
You squeeze the scorpion, but do no damage.
You constrict the scorpion.
* * * LOW HITPOINT WARNING * * *
You feel very sick.
The scorpion struggles to escape constriction. 😨 HP[-3]
You take 3 damage, and now have 8/31 hp.
Unknown command.
Unknown command.
Unknown command.
You tentacle-slap the scorpion but do no damage.
You constrict the scorpion.
* * * LOW HITPOINT WARNING * * *
You feel sick. "Here." Something appears before you!
The scorpion completely misses you. 😱 HP[-1]
You take 1 damage, and now have 7/31 hp.
Unknown command.
You tentacle-slap the scorpion.
You squeeze the scorpion, but do no damage.
You constrict the scorpion.
* * * LOW HITPOINT WARNING * * *
You feel sick.
The scorpion escapes! 😱 HP[-2]
You take 2 damage, and now have 5/31 hp.
Unknown command.
You now have 154 gold pieces (gained 57).
* * * LOW HITPOINT WARNING * * *
You feel sick. 😱 HP[-1]
You take 1 damage, and now have 4/31 hp.
* * * LOW HITPOINT WARNING * * *
You feel sick. 😱 HP[-1]
You take 1 damage, and now have 3/31 hp.
* * * LOW HITPOINT WARNING * * *
You feel sick.
The scorpion seems less confused.
* * * LOW HITPOINT WARNING * * *
You feel sick. 😱 HP[-1]
You take 1 damage, and now have 2/31 hp.
* * * LOW HITPOINT WARNING * * *
You feel sick. 😱 HP[-1]
You take 1 damage, and now have 1/31 hp.
You die...
Xom laughs nastily!

Skill      XL: |  1  2  3  4 |
---------------+-------------+-----
Unarmed Combat | 4 5 |  5.0
Fighting       | |  3.0
Dodging        | |  2.3

Action                   |  1- 3 |  4- 6 || total
-------------------------+-------+-------++-------
Melee: Unarmed           |    80 |    26 ||   106
       Constrict         |    15 |     3 ||    18
       Tentacles         |    17 |     7 ||    24
       Punch             |     4 |       ||     4
Evoke: Piece from Xom's  |    16 |     3 ||    19
  Use: Potion            |     1 |     3 ||     4
       Scroll            |     1 |     1 ||     2
 Stab: Petrified         |     3 |       ||     3
       Sleeping          |     4 |     3 ||     7
       Petrifying        |     1 |       ||     1
       Paralysed         |       |     1 ||     1
Armor: Skin              |     4 |     1 ||     5
Dodge: Dodged            |    50 |    12 ||    62

Levels and vault maps discovered:
D:1:      psy_arrival_dodecagon, layout_basic, hex_tiny
D:2:      layout_basic, minmay_goblin_outpost
D:3:      layout_basic, nicolae_overflow_crystal_walls, minmay_diced_spiral,
          uniq_jessica

Notes
Turn   | Place    | Note
-------+----------+-------------------------------------------
     0 | D:1      | spaghetti the Octopode Chaos Knight began the quest for the
                  | Orb.
     0 | D:1      | Reached XP level 1. HP: 16/16 MP: 1/1
     0 | D:1      | magus.rc [v1.9.6]
     8 | D:1      | XOM: smoke on damage
    83 | D:1      | Reached XP level 2. HP: 9/21 MP: 2/2
   301 | D:1      | XOM: silly message
   936 | D:1      | XOM: cloud trail
  1058 | D:1      | XOM: blink monster(s)
  1064 | D:1      | Reached skill level 4 in Unarmed Combat
  1130 | D:1      | Reached XP level 3. HP: 26/26 MP: 3/3
  1358 | D:2      | XOM: stealth player
  1421 | D:2      | XOM: noise
  1631 | D:2      | XOM: 8-stop teleportation journey
  1847 | D:2      | Reached XP level 4. HP: 31/31 MP: 4/4
  2097 | D:2      | XOM is BORED!
  2450 | D:2      | XOM: scenery: 1 doors open, 1 doors close
  2483 | D:3      | Reached skill level 5 in Unarmed Combat
  2549 | D:3      | Noticed a scorpion
  2556 | D:3      | Gained mutation: You have a pair of small antennae on your
                  | head. [potion of mutation]
  2556 | D:3      | Gained mutation: You have supernaturally acute eyesight.
                  | (SInv) [potion of mutation]
  2557 | D:3      | XOM: confuse monster(s)
  2559 | D:3      | XOM: smoke on damage
  2561 | D:3      | HP: 7/31 [poisoned by a scorpion]
  2561 | D:3      | XOM: god gift: 57 gold pieces
  2564 | D:3      | HP: 3/31 [poisoned by a scorpion]
  2567 | D:3      | HP: 1/31 [poisoned by a scorpion]
  2568 | D:3      | Succumbed to a scorpion's poison

Vanquished Creatures
  2 adders (D:2)
  4 bats
  8 endoplasms
  8 goblins
  6 hobgoblins
  4 jackals (D:1)
  6 kobolds
  2 ball pythons (D:2)
  4 frilled lizards
  A rat (D:2)
45 creatures vanquished.

Table legend:
 A = Non-vault XP
 B = Vault XP
 C = Vault XP percentage of total XP
 D = Non-vault monster count
 E = Vault monster count
 F = Vault count percentage of total count
                 A         B        C        D         E       F
            +---------+---------+-------+---------+---------+-------
      Total |      89 |      14 |  13.6 |      38 |       7 |  15.6
            +---------+---------+-------+---------+---------+-------
        D:1 |      34 |       0 |   0.0 |      19 |       0 |   0.0
        D:2 |      51 |      14 |  21.5 |      17 |       7 |  29.2
        D:3 |       4 |       0 |   0.0 |       2 |       0 |   0.0
            +---------+---------+-------+---------+---------+-------

Illustrated notes

Table legend:
 A = Kills in this place as a percentage of kills in entire the game.
 B = Kills by you in this place as a percentage of kills by you in the entire game.
 C = Kills by friends in this place as a percentage of kills by friends in the entire game.
 D = Other kills in this place as a percentage of other kills in the entire game.
 E = Experience gained in this place as a percentage of experience gained in the entire game.
 F = Experience gained in this place divided by the number of levels of this place that you have seen.
                   A       B       C       D       E      F
               +-------+-------+-------+-------+-------+----------------------
         Total | 100.0 | 100.0 |   N/A |   N/A | 100.0 |  34.3
       Dungeon | 100.0 | 100.0 |   N/A |   N/A | 100.0 |  34.3
               +-------+-------+-------+-------+-------+----------------------

Table legend: (Time is in decaauts)
 A = Elapsed time spent in this place.
 B = Non-inter-level travel time spent in this place.
 C = Inter-level travel time spent in this place.
 D = Time resting spent in this place.
 E = Time spent auto-exploring this place.
 F = Levels seen in this place.
 G = Mean time per level.
                   A        B        C        D        E       F      G
               +--------+--------+--------+--------+--------+-----+--------+
         Total |   2541 |   2517 |     24 |    713 |   1459 |   3 |  847.0 |
       Dungeon |   2541 |   2517 |     24 |    713 |   1459 |   3 |  847.0 |
               +--------+--------+--------+--------+--------+-----+--------+

Top non-repeatable levels by time:
     D:1: 1336 daAuts
     D:2: 1093 daAuts
     D:3: 110 daAuts
